 Seeded DCSS version 0.30-a0-879-ga8ba668304 (webtiles) character file.

Game seed: 3428853487130244560 (custom seed)

1367 bmack86 the Chopper (level 8, -1/70 HPs)
             Began as a Minotaur Fighter on Mar 13, 2023.
             Slain by an ice beast (14 damage)
             ... on level 7 of the Dungeon.
             The game lasted 00:09:49 (4539 turns).

bmack86 the Chopper (Minotaur Fighter)              Turns: 4539, Time: 00:09:49

Health: -1/70      AC: 22    Str: 23    XL:     8   Next: 38%
Magic:  2/2        EV:  7    Int:  5    God:
Gold:   9          SH:  5    Dex: 10    Spells: 7/7 levels left

rFire   . . .      SeeInvis .    l - +8 war axe (antimagic)
rCold   . . .      Faith    .    c - +0 buckler
rNeg    . . .      Spirit   .    D - +0 chain mail
rPois   .          Reflect  .    (helmet restricted)
rElec   .          Rampage  .    E - +2 cloak
rCorr   .                        n - +2 pair of gloves
Will    .....                    m - +0 pair of boots Stlth
                                 (no amulet)
HPRegen 0.31/turn                u - +4 ring of protection
MPRegen 0.08/turn                (no ring)

@: mighty
A: horns 2, retaliatory headbutt
a: no special abilities


You were on level 7 of the Dungeon.
You visited 1 branch of the dungeon, and saw 7 of its levels.

You collected 526 gold pieces.
You spent 517 gold pieces at shops.

Inventory:

Hand Weapons
 a - a +0 war axe
 l - a +8 antimagic war axe (weapon)
Missiles
 w - 9 poisoned darts (quivered)
Armour
 b - a +0 scale mail
 c - a +0 buckler (worn)
 m - a +0 pair of boots (worn)
 n - a +2 pair of gloves (worn)
 D - a +0 chain mail (worn)
 E - a +2 cloak (worn)
Jewellery
 u - a +4 ring of protection (left hand)
 y - a ring of magical power
Wands
 C - a wand of roots (10)
Scrolls
 e - 8 scrolls of identify {unknown}
 f - 2 scrolls of blinking {unknown}
 h - 9 scrolls of fog {unknown}
 j - a scroll of noise {unknown}
 p - a scroll of amnesia {unknown}
 q - a scroll of immolation {unknown}
 s - a scroll of fear {unknown}
 x - 2 scrolls of poison {unknown}
 B - a scroll of enchant weapon {unknown}
 F - a scroll of teleportation {unknown}
Potions
 d - a potion of might
 g - a potion of berserk rage {unknown}
 k - 3 potions of curing {unknown}
 o - 2 potions of magic {unknown}
 r - a potion of cancellation {unknown}
 t - a potion of heal wounds {unknown}
 v - a potion of invisibility {unknown}
 z - a potion of lignification {unknown}
 A - 2 potions of mutation {unknown}


   Skills:
 + Level 6.2 Fighting
 * Level 7.8 Axes
 + Level 3.1 Throwing
 + Level 6.3 Armour
 + Level 6.2 Shields


You had 7 spell levels left.
You didn't know any spells.
Your spell library contained the following spells:

 Spells                   Type           Power      Damage    Failure   Level
 Necrotise                Necr           0%         1d4       99%         1
 Summon Small Mammal      Summ           0%         N/A       99%         1
 Sublimation of Blood     Necr           0%         N/A       100%        2
 Wereblood                Tmut           0%         N/A       100%        2
 Call Canine Familiar     Summ           0%         N/A       100%        3
 Gell's Gravitas          Tloc           0%         N/A       100%        3
 Summon Guardian Golem    Hex/Summ       0%         N/A       100%        3
 Teleport Other           Tloc           0%         N/A       100%        3
 Vhi's Electric Charge    Tloc/Air       0%         N/A       100%        3
 Agony                    Necr           0%         N/A       100%        5
 Arcjolt                  Conj/Air       0%         1d10      100%        5
 Dispersal                Tloc           0%         N/A       100%        6
 Starburst                Conj/Fire      0%         6d3       100%        6
 Summon Hydra             Summ           0%         N/A       100%        7
 Borgnjor's Revivificati  Necr           0%         N/A       100%        8
 Maxwell's Capacitive Co  Air            0%         ∞         100%        8


Dungeon Overview and Level Annotations

Branches:
Dungeon (7/15)
 Temple: D:4-7

Altars:
Yredelemnul

Shops:
D:1 (   D:4 *[*   D:5 *


Innate Abilities, Weirdness & Mutations

You have a pair of horns on your head.
You reflexively headbutt those who attack you in melee.


Message History

You feel yourself speed up.
You feel sick. The hornet closely misses you. You furiously retaliate!
You headbutt the hornet, but do no damage.
You block the hornet's attack. The ice beast hits you.
The ice beast freezes you!
A gnoll comes into view. It is wielding a +1 heavy halberd.
The hornet stings you.
You feel yourself slow down.
You hit the hornet. You headbutt the hornet.
The hornet is moderately wounded.
You barely miss the ice beast. You slash the gnoll!
You feel sick.
The hornet stings you but does no damage.
The ice beast hits you but does no damage.
The gnoll hits you with a +0 flail.
A gnoll comes into view. It is wielding a +0 whip.
The hornet stings you.
* * * LOW HITPOINT WARNING * * *
You feel as though you will be slow longer.
The ice beast barely misses you. You furiously retaliate!
You headbutt the ice beast! The gnoll closely misses you.
The gnoll sergeant hits you but does no damage.
You hit the hornet but do no damage.
The hornet is moderately wounded.
You slash the gnoll!
You kill the gnoll!
You slash the ice beast! You slash the gnoll!
You kill the gnoll!
You feel sick. The hornet closely misses you. You block the hornet's attack.
You block the gnoll sergeant's attack. The ice beast closely misses you.
The hornet barely misses you. You furiously retaliate!
You headbutt the hornet!
You feel very mighty all of a sudden.
You feel yourself speed up.
You feel sick.
You are no longer poisoned.
You block the hornet's attack.
The ice beast hits you but does no damage.
The gnoll sergeant barely misses you.
The hornet stings you but does no damage.
The ice beast hits you.
* * * LOW HITPOINT WARNING * * *
The ice beast freezes you!
You die...

....# ####
..#.. #..
#.$..##..
#.......
#.....# ##....#
##...).####
#....y@.<.#
#...g.Y)...#
.....gg........
............###
#.)g......#$..
#.........###..
........... ...
#.........#. ##


You could see a hornet, an ice beast, a gnoll sergeant and 3 gnolls.

Vanquished Creatures
  An orc warrior (D:6)
  A sky beast (D:6)
  A black bear (D:6)
  A phantom (D:5)
  A bullfrog (D:6)
  5 wights (D:6)
  2 jellies
  An orc priest (D:2)
  4 hounds
  A sleepcap (D:6)
  4 iguanas
  Natasha (thrice) (D:2)
  An orc wizard (D:6)
  7 adders
  2 gnolls (D:7)
  A shadow imp (D:6)
  4 ufetubi (D:6)
  6 worms
  3 dart slugs (D:1)
  21 orcs
  4 ball pythons
  6 bats
  11 endoplasms
  2 giant cockroaches
  8 goblins
  7 hobgoblins
  3 jackals (D:2)
  2 quokkas
  2 frilled lizards
  6 kobolds
  3 rats (D:2)
124 creatures vanquished.

Vanquished Creatures (others)
  15 demonic plants (D:6)
15 creatures vanquished.

Grand Total: 139 creatures vanquished

Notes
Turn   | Place    | Note
-------+----------+-------------------------------------------
     0 | D:1      | bmack86 the Minotaur Fighter began the quest for the Orb.
     0 | D:1      | Reached XP level 1. HP: 19/19 MP: 0/0
    41 | D:1      | Found Zofunism's Antique Weapon Shop.
   251 | D:1      | Reached XP level 2. HP: 25/27 MP: 1/1
   295 | D:1      | Reached skill level 3 in Axes
   465 | D:1      | Got Sif Muna's Enchiridion on Corpses and the Arsonist
   584 | D:1      | Found a faded altar of an unknown god.
   926 | D:2      | Reached XP level 3. HP: 21/33 MP: 2/2
  1127 | D:2      | Noticed Natasha
  1132 | D:2      | Killed Natasha
  1133 | D:2      | Reached XP level 4. HP: 40/40 MP: 3/3
  1141 | D:2      | Reached skill level 4 in Axes
  1202 | D:2      | Noticed Natasha
  1212 | D:2      | Killed Natasha
  1213 | D:2      | Reached XP level 5. HP: 18/47 MP: 4/4
  1266 | D:2      | Noticed Natasha
  1283 | D:2      | Killed Natasha
  1927 | D:1      | Bought a glowing war axe for 162 gold pieces
  2569 | D:4      | Reached skill level 5 in Axes
  2673 | D:4      | Found Eturph's Antique Armour Emporium.
  2675 | D:4      | Found Risauh's Assorted Antiques.
  2675 | D:4      | Found Suyl's Assorted Antiques.
  2677 | D:4      | Found Ocaynwox's Magic Scroll Emporium.
  2710 | D:4      | Identified the +1 leather armour "Jorereek" {rF+ rN+ Int-2
                  | Dex+3}
  2767 | D:4      | Bought a notched emerald ring for 120 gold pieces
  2791 | D:4      | Found a basalt altar of Yredelemnul.
  3145 | D:5      | Entered Level 5 of the Dungeon
  3222 | D:5      | Reached XP level 6. HP: 50/55 MP: 1/5
  3257 | D:5      | Reached skill level 5 in Armour
  3299 | D:5      | Found Xuuqy's Assorted Antiques.
  3389 | D:5      | Reached skill level 5 in Fighting
  3501 | D:5      | Reached skill level 5 in Shields
  3511 | D:5      | Reached skill level 1 in Throwing
  3732 | D:6      | Noticed a sky beast
  3741 | D:6      | Killed a sky beast
  3742 | D:6      | Reached skill level 6 in Axes
  3742 | D:6      | Reached XP level 7. HP: 53/61 MP: 2/6
  3794 | D:6      | Reached skill level 7 in Axes
  3798 | D:6      | Reached XP level 8. HP: 45/70 MP: 2/7
  4237 | D:6      | Identified the +1 ring mail "Pyegedos" {rElec rC+}
  4463 | D:4      | Bought a runed cloak for 165 gold pieces
  4463 | D:4      | Bought a scroll labelled CIYCLE ISMUPP for 22 gold pieces
  4467 | D:4      | Bought a scroll labelled AZUSTOSTOKK for 24 gold pieces
  4467 | D:4      | Bought a scroll labelled YBLOB CULES for 24 gold pieces
  4532 | D:7      | Noticed a hornet
  4539 | D:7      | Slain by an ice beast

Illustrated notes

Levels and vault maps discovered:
D:1:      dpeg_arrival_central, layout_basic, serial_shops, shop,
          hellmonk_ecumenical_altar_heavens_door
D:2:      layout_loops_ring, kennysheep_nub, uniq_natasha
D:3:      layout_rooms, corexii_leaking_fountain
D:4:      layout_cave_pools, old_standard_altar,
          hangedman_abyss_or_decor_passed, minmay_shop_grid_forest,
          grunt_decor_clamped
D:5:      layout_loops_ring, serial_shops, nicolae_shop_stone
D:6:      layout_gridville, serial_demonic, serial_demonic_g, serial_demonic_f,
          serial_demonic_c, serial_demonic_f
D:7:      layout_rooms, minmay_temple_entry_waves, nicolae_ossuary_entry_giza,
          enter_bailey_5

Skill      XL: |  1  2  3  4  5  6  7  8 |
---------------+-------------------------+-----
Axes           | 3 4 5 6 7 |  7.8
Shields        | 4 5 6 |  6.2
Fighting       | 4 5 6 |  6.2
Armour         | 4 5 6 |  6.3
Throwing       | 1 2 3 |  3.1

Action                     |  1- 3 |  4- 6 |  7- 9 || total
---------------------------+-------+-------+-------++-------
  Melee: War axe           |    52 |   124 |    58 ||   234
         Headbutt          |     7 |    11 |    10 ||    28
  Throw: Dart              |       |     6 |    22 ||    28
    Use: Scroll            |       |       |     3 ||     3
         Potion            |       |       |     1 ||     1
 Armour: Scale mail        |    30 |    88 |     8 ||   126
         Chain mail        |       |       |    25 ||    25
  Dodge: Dodged            |    21 |    59 |    27 ||   107
  Block: Buckler           |     7 |    31 |    19 ||    57

Table legend: (Time is in decaauts)
 A = Elapsed time spent in this place.
 B = Non-inter-level travel time spent in this place.
 C = Inter-level travel time spent in this place.
 D = Time resting spent in this place.
 E = Time spent auto-exploring this place.
 F = Levels seen in this place.
 G = Mean time per level.
                   A        B        C        D        E       F      G
               +--------+--------+--------+--------+--------+-----+--------+
         Total |   4615 |   4293 |    322 |      0 |   3146 |   7 |  659.3 |
       Dungeon |   4615 |   4293 |    322 |      0 |   3146 |   7 |  659.3 |
               +--------+--------+--------+--------+--------+-----+--------+

Top non-repeatable levels by time:
     D:2: 1034 daAuts
     D:1: 970 daAuts
     D:4: 751 daAuts
     D:6: 711 daAuts
     D:5: 617 daAuts
     D:3: 520 daAuts
     D:7: 9 daAuts
